 Dungeon Crawl Stone Soup version 0.28-a0-79-g444c7a33f5 (webtiles) character file.

Game seed: 4603334404158446225

10266 lunkers the Thaumaturge (level 11, -11/85 HPs)
             Began as a Djinni Earth Elementalist on Aug 2, 2021.
             Was a Priest of Cheibriados.
             Shot with an arrow by a centaur warrior (24 damage)
             ... on level 10 of the Dungeon on Aug 3, 2021.
             The game lasted 00:18:55 (15027 turns).

lunkers the Thaumaturge (DjEE)                     Turns: 15027, Time: 00:18:55

Health: -11/85     AC: 12    Str: 14    XL:     11   Next: 89%
Gold:   632        EV: 13    Int: 26    God:    Cheibriados [***...] SH:  6 Dex: 22

rFire   + + .      SeeInvis .   L - +7 dagger
rCold   x . .      Faith    .   y - +0 buckler
rNeg    . . .      Spirit   .   A - +1 swamp dragon scales
rPois   ∞          Reflect  .   g - +2 hat
rElec   .          Harm     .   x - +0 cloak
rCorr   +          Rampage  .   o - +0 pair of gloves
Will    +....                   (boots unavailable)
Stlth   ++........              (no amulet)
HPRegen 0.24/turn               b - ring of resist corrosion
MPRegen 0.00/turn               (no ring)

@: flying, very slow
A: sickness immunity, fire resistance 2, cold vulnerability 1, float, innate
caster, hp casting, extra vitality 1
a: Renounce Religion, Bend Time, Temporal Distortion


You were on level 10 of the Dungeon.
You worshipped Cheibriados.
Cheibriados was most pleased with you.
You visited 2 branches of the dungeon, and saw 11 of its levels.

You collected 632 gold pieces.

Inventory:

Hand Weapons
 C - a +1 short sword of venom
 L - a +7 dagger (weapon)
Missiles
 c - 343 stones
Armour
 g - a +2 hat (worn)
 o - a +0 pair of gloves (worn)
 x - a +0 cloak (worn)
 y - a +0 buckler (worn)
 A - +1 swamp dragon scales (worn)
 H - +0 steam dragon scales
Jewellery
 b - a ring of resist corrosion (left hand)
Wands
 k - a wand of paralysis (7)
 t - a wand of charming (4)
 F - a wand of flame (13)
 I - a wand of iceblast (4)
 J - a wand of acid (7)
Scrolls
 d - 2 scrolls of blinking
 h - 4 scrolls of teleportation
 i - a scroll of enchant armour
 m - 4 scrolls of fog
Potions
 a - a potion of cancellation {unknown}
 j - 2 potions of mutation
 l - 2 potions of lignification
 q - a potion of resistance
 u - 3 potions of curing
 z - a potion of attraction
 D - 2 potions of heal wounds
 E - a potion of invisibility


   Skills:
 + Level 9.8 Fighting
 + Level 4.9 Dodging
 - Level 1.5 Stealth
 - Level 4.0 Shields
 * Level 10.9 Spellcasting


You had 8 spell levels left.
You knew the following spells:

 Your Spells              Type           Power      Damage    Failure   Level
a - Stone Arrow           Conj/Erth      100%       3d13      1%          3
b - Passwall              Tmut/Erth      52%        N/A       1%          2
c - Magic Dart            Conj           100%       1d8       1%          1
d - Petrify               Tmut/Erth      63%        N/A       1%          4
e - Sandblast             Erth           100%       2d20      1%          1
f - Wereblood             Tmut           63%        N/A       1%          2
g - Poisonous Vapours     Pois/Air       100%       N/A       1%          2
h - Ice Form              Ice/Tmut       63%        N/A       1%          4
i - Dispel Undead         Necr           63%        3d22      1%          4
Your spell library was empty.

Dungeon Overview and Level Annotations

Branches:
Dungeon (10/15)            Temple (1/1) D:6
   Lair: D:8-11         Orc: D:9-12

Altars:
Ashenzari
Cheibriados
Dithmenos
Elyvilon
Fedhas
Gozag
Hepliaklqana
Makhleb
Nemelex Xobeh
Okawaru
Qazlal
Ru
Sif Muna
Uskayaw
Vehumet
Wu Jian
Xom
Yredelemnul
Zin
The Shining One

Shops:
D:3 =   D:4 *

Annotations:
D:5 2 runed translucent doors, 2 transporters, pkoi's ghost, novice MiMo


Innate Abilities, Weirdness & Mutations

You are immune to sickness and miasma.
You are immune to poison.
Your flesh is very heat resistant. (rF++)
You are vulnerable to cold. (rC-)
You float through the air rather than walking.
You learn spells naturally, not from books.
Your magical power is your life essence.
You have superior vitality. (+4 HP)


Message History

Casting: Stone Arrow (safe; 1% risk of failure)
Confirm with . or Enter, or press ? or * to list all spells.
The stone arrow misses the killer bee.
The killer bee buzzes angrily.
Casting: Stone Arrow (safe; 1% risk of failure)
Confirm with . or Enter, or press ? or * to list all spells.
The stone arrow misses the killer bee.
The killer bee stings you. The killer bee barely misses you.
Casting: Stone Arrow (safe; 1% risk of failure)
Confirm with . or Enter, or press ? or * to list all spells.
The stone arrow hits the killer bee!!
You kill the killer bee!
Cheibriados thoroughly appreciates the change of pace.
You see here a killer bee corpse.
A centaur comes into view.
Found a scroll of holy word.
An orc warrior comes into view. It is wielding a +0 long sword.
The orc warrior shouts!
You hear a shout!
The centaur shouts!
You hear a bellow!
The centaur wields a +0 shortbow.
The centaur shoots an arrow.
The arrow hits you.
The centaur shoots an arrow.
The arrow hits you.
Lua error: ...ter/crawl-git-444c7a33f5/data/dat/clua/automagic.lua:202: Cannot currently process new keys (there is pending input)
The centaur shoots an arrow.
The arrow barely misses you.
The centaur shoots an arrow.
The arrow misses you.
The orc warrior hits you with a +0 long sword!
A centaur warrior comes into view.
The centaur shoots an arrow.
The arrow completely misses you.
The orc warrior hits you with a +0 long sword!
The centaur shoots an arrow.
The arrow hits you.
A yak comes into view.
The centaur warrior wields a +0 longbow.
The centaur warrior shoots an arrow.
The arrow hits you!
* * * LOW HITPOINT WARNING * * *
The centaur shoots an arrow.
The arrow hits you!
* * * LOW HITPOINT WARNING * * *
The centaur warrior shoots an arrow.
The arrow hits you!!
* * * LOW HITPOINT WARNING * * *
The centaur shoots an arrow.
You block the arrow.
The centaur warrior shoots an arrow.
The arrow hits you!!
You die...

##..# ##########.....
#..# #..............
##..# #...............#..
##...##
#..............#...
#.....# #..............#
#.....## ####†....##...#
....#..#######..#####...#
....##........<.####...?
...##...<.......@##..#
..###..##########..c#
.###..## ........#c#
.##..## ........o.#
##..## ........... #..##
............ #.##
##......###.Y ###
######## ###


You could see a centaur warrior, an orc warrior and a centaur.

Vanquished Creatures
  2 two-headed ogres
  Joseph (D:8)
  Maggie (D:6)
  A komodo dragon (D:9)
  Prince Ribbit (D:7)
  Sigmund (D:3)
  A wraith (D:9)
  A wyvern (D:9)
  16 yaks
  A shadow (D:9)
  4 steam dragons
  3 water moccasins
  An orc warrior (D:6)
  7 necrophages
  An ice beast (D:6)
  3 ogres (D:5)
  3 centaurs
  2 phantoms
  3 kobold brigands
  Blork the orc (D:5)
  5 bullfrogs
  3 wyvern zombies
  4 scorpions
  A water moccasin skeleton (D:5)
  6 killer bees (D:10)
  A wight (D:7)
  2 howler monkeys (D:7)
  2 electric eels (D:6)
  5 centaur zombies
  3 jellies
  A human zombie (D:7)
  2 orc priests
  Crazy Yiuf (D:5)
  A bullfrog skeleton (D:6)
  Jessica (D:3)
  4 iguanas
  Terence (D:3)
  5 orc wizards
  Ijyb (D:5)
  A hound zombie (D:5)
  2 hound skeletons
  2 howler monkey zombies
  A mummy (D:7)
  Robin (D:3)
  A howler monkey skeleton (D:5)
  A gnoll (D:5)
  10 adders
  2 white imps
  An adder skeleton (D:4)
  2 worms
  12 orcs
  4 endoplasms
  4 giant cockroaches
  6 goblins (D:3)
  9 hobgoblins
  3 jackals (D:3)
  2 quokkas (D:3)
  5 ball pythons
  6 bats
  8 frilled lizards
  30 kobolds
  A quokka skeleton (D:4)
  5 rats
222 creatures vanquished.

Vanquished Creatures (others)
  A plant (D:6)
1 creature vanquished.

Grand Total: 223 creatures vanquished

Notes
Turn   | Place    | Note
-------+----------+-------------------------------------------
     0 | D:1      | lunkers the Djinni Earth Elementalist began the quest for
                  | the Orb.
     0 | D:1      | Reached XP level 1. HP: 15/15 MP: 0/0
   328 | D:1      | Reached XP level 2. HP: 20/22 MP: 0/0
   549 | D:1      | Reached skill level 1 in Fighting
   835 | D:1      | Reached XP level 3. HP: 23/27 MP: 0/0
   835 | D:1      | Learned a level 1 spell: Magic Dart
   963 | D:1      | Reached skill level 3 in Spellcasting
  1957 | D:3      | Reached XP level 4. HP: 20/32 MP: 0/0
  2124 | D:3      | Found a broken altar of Ashenzari.
  2201 | D:3      | Found a sparkling altar of Nemelex Xobeh.
  2210 | D:3      | Noticed Sigmund
  2236 | D:3      | Killed Sigmund
  2237 | D:3      | Reached skill level 4 in Spellcasting
  2237 | D:3      | Reached XP level 5. HP: 10/40 MP: 0/0
  2237 | D:3      | Learned a level 2 spell: Wereblood
  2237 | D:3      | Reached XP level 6. HP: 11/45 MP: 0/0
  2537 | D:3      | Found Poiba's Jewellery Shop.
  2778 | D:3      | Noticed Robin
  2780 | D:3      | Killed Robin
  3548 | D:3      | Noticed Terence
  3555 | D:3      | Killed Terence
  3805 | D:3      | Noticed Jessica
  3806 | D:3      | Killed Jessica
  3897 | D:4      | You are sucked into a shaft and drop 1 floor!
  3897 | D:5      | Entered Level 5 of the Dungeon
  3897 | D:5      | Found a runed translucent door.
  3904 | D:5      | Noticed pkoi's ghost (novice MiMo)
  3930 | D:5      | Noticed Blork the orc
  3934 | D:5      | Killed Blork the orc
  3935 | D:5      | Reached XP level 7. HP: 34/50 MP: 0/0
  3935 | D:5      | Learned a level 2 spell: Poisonous Vapours
  4040 | D:5      | Found a transporter.
  4044 | D:5      | Found a transporter.
  4094 | D:5      | Reached skill level 5 in Spellcasting
  4345 | D:5      | Found a glowing silver altar of Zin.
  4628 | D:5      | Noticed a two-headed ogre
  4628 | D:5      | Noticed a water moccasin
  4637 | D:5      | Killed a water moccasin
  4638 | D:5      | Reached XP level 8. HP: 48/58 MP: 0/0
  4643 | D:5      | Reached skill level 6 in Spellcasting
  4645 | D:5      | Reached skill level 5 in Fighting
  5060 | D:5      | Found a runed translucent door.
  5897 | D:4      | Found Faetep's CLEARANCE SALE! EVERYTHING MUST GO!.
  6197 | D:5      | Noticed Ijyb
  6202 | D:5      | Killed Ijyb
  6253 | D:5      | Found a runed translucent door.
  6254 | D:5      | Noticed Crazy Yiuf
  6379 | D:5      | Found a hazy altar of Hepliaklqana.
  6399 | D:5      | Killed a two-headed ogre
  6400 | D:5      | Reached skill level 7 in Spellcasting
  6400 | D:5      | Reached XP level 9. HP: 20/67 MP: 0/0
  6400 | D:5      | Learned a level 4 spell: Ice Form
  6585 | D:5      | Reached skill level 8 in Spellcasting
  6980 | D:5      | Killed Crazy Yiuf
  7206 | D:6      | Noticed Maggie
  7216 | D:6      | Killed Maggie
  7217 | D:6      | Reached skill level 1 in Shields
  7616 | D:6      | Found a staircase to the Ecumenical Temple.
  7697 | D:6      | Reached XP level 10. HP: 69/75 MP: 0/0
  8309 | D:6      | Found a shadowy altar of Dithmenos.
  8309 | D:6      | Found a shimmering altar of Xom.
  8408 | Temple   | Entered the Ecumenical Temple
  8512 | Temple   | Became a worshipper of Cheibriados the Contemplative
  8773 | D:7      | Found Vaosm's Assorted Antiques.
  9010 | D:7      | Noticed Prince Ribbit
  9019 | D:7      | Killed Prince Ribbit
  9020 | D:7      | Reached skill level 9 in Spellcasting
  9035 | D:7      | Noticed a two-headed ogre
  9042 | D:7      | Killed a two-headed ogre
  9633 | D:7      | Found a basalt altar of Yredelemnul.
  9738 | D:7      | Reached * piety under Cheibriados
 10195 | D:7      | Found a glowing golden altar of the Shining One.
 10910 | D:8      | Noticed Joseph
 10917 | D:8      | Killed Joseph
 10918 | D:8      | Reached XP level 11. HP: 68/82 MP: 0/0
 10918 | D:8      | Learned a level 4 spell: Dispel Undead
 11117 | D:8      | Reached skill level 10 in Spellcasting
 11207 | D:8      | Reached ** piety under Cheibriados
 12529 | D:9      | Found an iron altar of Okawaru.
 13810 | D:9      | Found an ornate altar of the Wu Jian Council.
 14249 | D:10     | Entered Level 10 of the Dungeon
 14312 | D:10     | Reached *** piety under Cheibriados
 15024 | D:10     | Noticed a centaur warrior
 15027 | D:10     | Shot with an arrow by a centaur warrior

Illustrated notes

Levels and vault maps discovered:
D:1:      dpeg_arrival_lava_temple_mockup, layout_loops_ring
D:2:      layout_loops_ring
D:3:      layout_basic, amcnicky_altar_gilded, ashenzari_conservatory_becter,
          serial_shops, nicolae_shop_competitors_out_of_business, uniq_sigmund,
          uniq_terence, uniq_jessica, uniq_robin
D:4:      layout_basic, lemuel_blue_sif_altar, nicolae_shop_clearance
D:5:      gammafunk_wand_slinger, layout_basic, kennysheep_mini,
          mainiacjoe_overflow_catwalk, ebering_ghost_sewer_f,
          minmay_joined_circles, uniq_blork_the_orc, uniq_crazy_yiuf_cottage,
          uniq_ijyb
D:6:      layout_loops_ring, gammafunk_temple_overflow_elements, temple_pool_b,
          cheibrodos_sewer_entry_bend, serial_bayou, serial_bayou_shore_a,
          serial_bayou_shore_b, serial_bayou_pond_e, serial_bayou_shore_b,
          serial_bayou_pond_d, feat_on_display, uniq_maggie
D:7:      layout_layer_cave, lemuel_mausoleum_altar_yredelemnul,
          tso_oasis_becter, serial_shops, nicolae_shop_statue_plus,
          uniq_prince_ribbit1
D:8:      layout_layer_cave, uniq_joseph
D:9:      kennysheep_six_static_rooms, layout_loops_ring,
          okawaru_metal_pillars_1_2, pdpol_wu_jian_five_deadly_venoms
D:10:     layout_cave_pods, trog_hazing_becter, kennysheep_vampire_church,
          minmay_bent, uniq_grum
Temple:   dpeg_three_leaves_temple

Skill      XL: |  1  2  3  4  5  6  7  8  9 10 11 |
---------------+----------------------------------+-----
Fighting       | 1 2 3 4 6 7 8 9 |  9.8
Spellcasting   | 3 4 5 7 8 9 10 | 10.9
Shields        | 1 4 |  4.0
Dodging        | 4 |  4.9
Stealth        | |  1.5

Action                   |  1- 3 |  4- 6 |  7- 9 | 10-12 || total
-------------------------+-------+-------+-------+-------++-------
Melee: Short sword       |       |       |       |     1 ||     1
 Cast: Sandblast         |    53 |     5 |       |       ||    58
       Magic Dart        |    11 |    12 |       |       ||    23
       Stone Arrow       |       |    35 |   104 |   207 ||   346
  Use: Scroll            |       |       |       |    23 ||    23
Armor: Robe              |       |     4 |     6 |    10 ||    20
       Swamp dragon scal |       |       |       |    16 ||    16
Dodge: Dodged            |     9 |     7 |    17 |    47 ||    80
Block: Buckler           |       |       |     2 |    26 ||    28

Table legend: (Time is in decaauts)
 A = Elapsed time spent in this place.
 B = Non-inter-level travel time spent in this place.
 C = Inter-level travel time spent in this place.
 D = Time resting spent in this place.
 E = Time spent auto-exploring this place.
 F = Levels seen in this place.
 G = Mean time per level.
                   A        B        C        D        E       F      G
               +--------+--------+--------+--------+--------+-----+--------+
         Total |  16513 |  15952 |    561 |   1097 |  13403 |  11 | 1501.2 |
       Dungeon |  16393 |  15847 |    546 |   1097 |  13338 |  10 | 1639.3 |
        Temple |    119 |    104 |     15 |      0 |     65 |   1 |  119.0 |
               +--------+--------+--------+--------+--------+-----+--------+

Top non-repeatable levels by time:
     D:8: 2488 daAuts
     D:7: 2371 daAuts
     D:9: 2214 daAuts
     D:5: 2086 daAuts
     D:3: 1903 daAuts
     D:6: 1336 daAuts
     D:1: 1163 daAuts
     D:4: 1154 daAuts
    D:10: 892 daAuts
     D:2: 781 daAuts
  Temple: 119 daAuts
